 Dungeon Crawl Stone Soup version 0.26-a0-542-gbaa144b (webtiles) character file.

Game seed: 7867306178689897576

265 robertstho the Ruffian (level 5, 0/53 HPs)
             Began as a Troll Fighter on Aug 17, 2020.
             Slain by Grinder (8 damage)
             ... on level 3 of the Dungeon.
             The game lasted 00:04:42 (1810 turns).

robertstho the Ruffian (Troll Fighter)              Turns: 1810, Time: 00:04:42

Health: 0/53       AC:  6    Str: 21 (24) XL:     5   Next: 99%
Magic:  4/4        EV:  8    Int:  2 (5)  God:
Gold:   132        SH:  8    Dex:  7 (9)  Spells: 4/4 levels left

rFire    + . .     SeeInvis .     - Unarmed
rCold    + . .     Faith    .   b - +0 kite shield
rNeg     . . .     Spirit   .   a - +0 robe
rPois    .         Reflect  .   (helmet restricted)
rElec    .         Harm     .   q - scarf {rC+ rF+}
rCorr    .                      (gloves unavailable)
MR       .....                  (boots unavailable)
Stlth    +.........             (no amulet)
HPRegen  0.57/turn              (no ring)
MPRegen  0.09/turn              (no ring)

@: mighty, stab
A: large, unfitting armour, claws 3, regeneration 1, shaggy fur 1, tough skin 3
a: no special abilities


You were on level 3 of the Dungeon.
You visited 1 branch of the dungeon, and saw 3 of its levels.

You collected 132 gold pieces.

Inventory:

Armour
 a - a +0 robe (worn)
 b - a +0 kite shield (worn)
 f - a +0 cloak
 q - a scarf of resistance (worn)
Wands
 v - a wand of random effects (23)
Scrolls
 e - 6 scrolls of identify {unknown}
 g - 3 scrolls of remove curse {unknown}
 h - 3 scrolls of enchant weapon {unknown}
 k - 4 scrolls of blinking {unknown}
 o - 2 scrolls of amnesia {unknown}
 p - a scroll of random uselessness {unknown}
 r - a scroll of teleportation {unknown}
 u - a scroll of noise {unknown}
Potions
 d - a potion of curing {unknown}
 i - a potion of stabbing
 j - 2 potions of resistance
 l - a potion of degeneration
 m - a potion of cancellation {unknown}
 n - a potion of lignification {unknown}
 s - a potion of magic {unknown}
 t - a potion of flight {unknown}


   Skills:
 * Level 3.0 Fighting
 * Level 3.3 Dodging
 + Level 0.2 Stealth
 * Level 3.7 Shields
 * Level 3.9 Unarmed Combat


You had 4 spell levels left.
You didn't know any spells.
Your spell library was empty.

Dungeon Overview and Level Annotations

Branches:
Dungeon (3/15)

Altars:
Dithmenos
Elyvilon

Annotations:
D:3 Grinder


Innate Abilities, Weirdness & Mutations

You are too large for most types of armour.
You have claws for hands.
Your natural rate of healing is unusually fast.
You are covered in fur. (AC +1)
You have extremely tough skin. (AC +3)


Message History

Press: ? - help, Shift-Dir - straight line, f/p - Grinder
Aim: Grinder (heavily wounded)
The fireball explodes!
The fireball engulfs Grinder!
Grinder is severely wounded.
Evoke which item? (* to show all) (? for menu, Esc to quit)
Aiming: Random Effects
Press: ? - help, Shift-Dir - straight line, f/p - Grinder
Aim: Grinder (severely wounded)
The puff of frost hits Grinder.
Grinder completely resists.
Grinder is severely wounded.
Evoke which item? (* to show all) (? for menu, Esc to quit)
Aiming: Random Effects
Press: ? - help, Shift-Dir - straight line, f/p - Grinder
Aim: Grinder (severely wounded)
The bolt of poison hits Grinder.
Grinder is almost dead.
You closely miss Grinder.
Grinder is almost dead.
Grinder hits you!
You die...

........#.# ##
##..##.#.#.### #.
............. #. #
#.#.##...#.#######.
#.
#.#................
..
#.##.#...#.#######.
#.#...†....#.#
#.....
#.........##.#
#.....
#..?@5.......#
#.....
#.####...#####
#..... # ##..#
#..... #..# #.....
#.># #####+ ##.#
#.#


You could see Grinder.

Vanquished Creatures
  Jessica (D:3)
  Terence (D:2)
  Ijyb (D:3)
  Natasha (thrice) (D:2)
  3 adders
  3 worms (D:3)
  2 dart slugs
  A leopard gecko (D:1)
  An orc (D:3)
  6 giant cockroaches
  10 hobgoblins
  4 jackals (D:3)
  7 kobolds (D:1)
  3 ball pythons
  15 bats
  4 frilled lizards
  8 goblins
  6 rats
79 creatures vanquished.

Notes
Turn   | Place    | Note
-------+----------+-------------------------------------------
     0 | D:1      | robertstho the Troll Fighter began the quest for the Orb.
     0 | D:1      | Reached XP level 1. HP: 22/22 MP: 0/0
   192 | D:1      | Reached XP level 2. HP: 29/29 MP: 1/1
   506 | D:1      | Reached XP level 3. HP: 35/36 MP: 2/2
   764 | D:2      | Found a shadowy altar of Dithmenos.
   812 | D:2      | Noticed Terence
   825 | D:2      | Killed Terence
   825 | D:2      | Reached XP level 4. HP: 44/44 MP: 3/3
   844 | D:2      | Found a white marble altar of Elyvilon.
   844 | D:2      | Noticed Natasha
   849 | D:2      | Killed Natasha
  1268 | D:2      | Noticed Natasha
  1283 | D:2      | Killed Natasha
  1283 | D:2      | Reached XP level 5. HP: 44/52 MP: 4/4
  1352 | D:2      | Noticed Natasha
  1357 | D:2      | Killed Natasha
  1538 | D:3      | Noticed Ijyb
  1546 | D:3      | Killed Ijyb
  1667 | D:3      | Noticed Jessica
  1674 | D:3      | Killed Jessica
  1777 | D:3      | Noticed Grinder
  1782 | D:3      | Paralysed by Grinder for 7 turns
  1792 | D:3      | Paralysed by Grinder for 3 turns
  1810 | D:3      | Slain by Grinder

Illustrated notes

Levels and vault maps discovered:
D:1:      dpeg_arrival_three_same_balls, layout_basic, serial_park_tiny_pond,
          minmay_octomino_e4
D:2:      layout_loops_cross, overflow_temple_1_default, marbit_many_paths,
          uniq_natasha, uniq_terence
D:3:      layout_basic, grunt_temple_overflow_lords_of_destruction,
          uniq_grinder, uniq_ijyb, uniq_jessica, uniq_sigmund

Skill      XL: |  1  2  3  4  5 |
---------------+----------------+-----
Shields        | 3 |  3.7
Unarmed Combat | 3 |  3.9
Dodging        | 3 |  3.3
Fighting       | 3 |  3.0
Stealth        | |  0.2

Action                   |  1- 3 |  4- 6 || total
-------------------------+-------+-------++-------
Melee: Unarmed           |    97 |   150 ||   247
Evoke: Wand              |       |     4 ||     4
  Use: Potion            |       |     3 ||     3
 Stab: Sleeping          |     1 |       ||     1
Armor: Robe              |    24 |    95 ||   119
Dodge: Dodged            |    31 |    57 ||    88
Block: Kite shield       |    44 |    76 ||   120

Table legend: (Time is in decaauts)
 A = Elapsed time spent in this place.
 B = Non-inter-level travel time spent in this place.
 C = Inter-level travel time spent in this place.
 D = Time resting spent in this place.
 E = Time spent auto-exploring this place.
 F = Levels seen in this place.
 G = Mean time per level.
                   A        B        C        D        E       F      G
               +--------+--------+--------+--------+--------+-----+--------+
         Total |   1813 |   1724 |     89 |      0 |   1265 |   3 |  604.3 |
       Dungeon |   1813 |   1724 |     89 |      0 |   1265 |   3 |  604.3 |
               +--------+--------+--------+--------+--------+-----+--------+

Top non-repeatable levels by time:
     D:2: 783 daAuts
     D:1: 645 daAuts
     D:3: 383 daAuts
